 Dungeon Crawl Stone Soup version 0.25.0-9-g26727b657a (webtiles) character file.

Game seed: 11062856392085914661

350 MisterFreud the Cudgeler (level 6, -2/60 HPs)
             Began as a Gargoyle Monk on June 18, 2020.
             Slain by a worm (6 damage)
             ... on level 3 of the Dungeon.
             The game lasted 00:05:13 (3672 turns).

MisterFreud the Cudgeler (Gargoyle Monk)            Turns: 3672, Time: 00:05:14

Health: -2/60      AC: 23    Str: 17    XL:     6   Next: 60%
Magic:  6/6        EV:  2    Int: 10    God:
Gold:   170        SH:  0    Dex: 12    Spells: 5/5 levels left

rFire    . . .     SeeInvis .   a - +0 mace
rCold    . . .     Gourm    .   (no shield)
rNeg     + + +     Faith    .   (armour currently unavailable)
rPois    ∞         Spirit   .   (helmet currently unavailable)
rElec    .         Reflect  .   (cloak currently unavailable)
rCorr    .         Harm     .   (gloves currently unavailable)
MR       +....     NoTele   +   (boots currently unavailable)
Stlth    ++........             (no amulet)
HPRegen  0.20/turn              d - ring of protection from magic
MPRegen  0.10/turn              (no ring)

@: tree-form
A: negative energy resistance 1, petrification resistance, rot immunity, AC +4
a: no special abilities


You were on level 3 of the Dungeon.
You were not hungry.
You were a tree.
You visited 1 branch of the dungeon, and saw 3 of its levels.

You collected 170 gold pieces.

Inventory:

Hand Weapons
 a - a +0 mace (weapon)
Missiles
 b - 5 boomerangs
 j - 12 poisoned darts (quivered)
Armour
 m - a +1 pair of gloves (melded)
 o - a +0 plate armour (melded)
Jewellery
 d - a ring of protection from magic (left branch)
Scrolls
 e - 3 scrolls of blinking {unknown}
 i - a scroll of random uselessness {unknown}
 k - a scroll of amnesia {unknown}
 n - 2 scrolls of identify {unknown}
Potions
 f - 2 potions of brilliance
 h - a potion of stabbing
Comestibles
 c - a ration
 l - 9 chunks of flesh


   Skills:
 - Level 5.0 Fighting
 - Level 6.0 Maces & Flails
 + Level 1.9 Armour
 - Level 2.4 Dodging
 - Level 2.1 Stealth


You had 5 spell levels left.
You didn't know any spells.
Your spell library was empty.

Dungeon Overview and Level Annotations

Branches:
Dungeon (3/15)

Altars:


Innate Abilities, Weirdness & Mutations

You are resistant to torment.
((Your stone body is resilient. (AC +4)))
You are immune to poison.
You resist negative energy. (rN+)
((You are resistant to electric shocks. (rElec)))
((You can survive without breathing.))
You are immune to petrification.
You are immune to rotting.


Message History

The worm is lightly wounded.
You hit the worm but do no damage.
The worm is lightly wounded.
The worm barely misses you.
You hit the worm.
The worm is moderately wounded.
The worm bites you but does no damage.
Okay, then.
You hit the worm but do no damage.
The worm is moderately wounded.
You barely miss the worm.
The worm is moderately wounded.
The worm bites you but does no damage.
You sock the worm!
The worm is severely wounded.
The worm bites you but does no damage.
You hit the worm.
The worm is almost dead.
The worm bites you.
You die...

.# #.##......####.# ..
#.##..###.#....# ##
#.##..# #.#.####
#$##.#####.#.##.###.#.# #
#...>(().(###.#....÷#.# ##
#########..#.####.###.###.
#.#.## #.# #.##.. #)###
#.###.##.. #♣# #.........
#w# #......#.. #.#
#.##..###. #.#######.##..#
## #.#.......##..# #
..............####
#...########...... ###
#######


You could see a worm.

Vanquished Creatures
  An ogre (D:3)
  A bullfrog (D:2)
  Natasha (thrice) (D:2)
  6 adders
  3 worms
  6 dart slugs
  4 leopard geckos
  An orc (D:3)
  5 giant cockroaches
  5 hobgoblins
  2 jackals (D:3)
  2 kobolds (D:2)
  A quokka (D:3)
  A ball python (D:1)
  5 bats
  3 frilled lizards (D:1)
  6 goblins
  7 rats
62 creatures vanquished.

Notes
Turn   | Place    | Note
-------+----------+-------------------------------------------
     0 | D:1      | MisterFreud the Gargoyle Monk began the quest for the Orb.
     0 | D:1      | Reached XP level 1. HP: 14/14 MP: 1/1
   252 | D:1      | Reached XP level 2. HP: 20/20 MP: 2/2
   773 | D:2      | Reached XP level 3. HP: 15/24 MP: 3/3
  1129 | D:2      | Reached skill level 5 in Fighting
  1376 | D:2      | Reached XP level 4. HP: 31/31 MP: 4/4
  1418 | D:2      | Noticed a bullfrog
  1441 | D:2      | Killed a bullfrog
  1441 | D:2      | Reached skill level 4 in Maces & Flails
  1441 | D:2      | Reached XP level 5. HP: 6/35 MP: 5/5
  1748 | D:2      | Noticed Natasha
  1749 | D:2      | Found a faded altar of an unknown god.
  1873 | D:2      | Killed Natasha
  2096 | D:2      | Noticed Natasha
  2377 | D:2      | Killed Natasha
  2377 | D:2      | Reached skill level 5 in Maces & Flails
  2653 | D:2      | Noticed Natasha
  2682 | D:2      | Killed Natasha
  2882 | D:2      | Reached XP level 6. HP: 33/40 MP: 6/6
  3034 | D:3      | HP: 2/40 [ogre/+0 giant club (16)]
  3660 | D:3      | HP: 1/40 [ogre/+0 giant club (14)]
  3664 | D:3      | Reached skill level 6 in Maces & Flails
  3664 | D:3      | Reached skill level 1 in Armour
  3672 | D:3      | Slain by a worm

Illustrated notes

Levels and vault maps discovered:
D:1:      dpeg_arrival_more_subterranean_lakeside_camping, layout_basic,
          minmay_misc_feat_square
D:2:      layout_loops_ring, chequers_ecumenical_altar_simple_redux,
          uniq_natasha
D:3:      layout_loops_ring

Skill      XL: |  1  2  3  4  5  6 |
---------------+-------------------+-----
Fighting       | 4 5 |  5.0
Maces & Flails | 4 5 6 |  6.0
Armour         | 1 |  1.9
Dodging        | |  2.4
Stealth        | |  2.1

Action                   |  1- 3 |  4- 6 || total
-------------------------+-------+-------++-------
Melee: Mace              |    97 |   175 ||   272
Throw: Dart              |       |     4 ||     4
  Use: Potion            |       |     4 ||     4
 Stab: Sleeping          |     4 |     2 ||     6
       Distracted        |     1 |       ||     1
  Eat: Chunk             |     1 |     8 ||     9
Armor: Robe              |    46 |    36 ||    82
       Plate armour      |       |    27 ||    27
       Skin              |       |    19 ||    19
Dodge: Dodged            |    65 |    98 ||   163
